 Seeded DCSS version 0.32-a0-640-gc5db3fc (webtiles) character file.

Game seed: 4771504757520219535 (custom seed)

2002 Anonymous1 the Cutter (level 9, -3/74 HPs)
             Began as a Gnoll Chaos Knight on Mar 7, 2024.
             Was an Initiate of Ashenzari.
             Slain by a red devil
             ... wielding a +0 trident
             ... summoned by Xom
              (14 damage)
             ... on level 6 of the Dungeon.
             The game lasted 00:15:47 (5276 turns).

Anonymous1 the Cutter (Gnoll Chaos Knight)          Turns: 5276, Time: 00:15:48

Health: -3/74      AC: 11    Str: 11    XL:     9   Next: 22%
Magic:  15/15      EV: 14    Int: 12    God:    Ashenzari [......]
Gold:   251        SH:  0    Dex: 16    Spells: 10/16 levels left

rFire   x . .        w - +2 flail (elec)
rCold   . . .        (no shield)
rNeg    . . .        C - +3 leather armour {rPois}
rPois   +            (helmet restricted)
rElec   .            (no cloak)
rCorr   .            v - +2 pair of gloves
SInv    .            h - +0 pair of boots
Will    .....        (no amulet)
Stlth   +++          s - ring of flight
HPRegen 0.32/turn    (no ring)
MPRegen 0.14/turn

%: no passive effects
@: spiked, flying
A: fangs 1, strong nose, distributed training, antennae 1, no potion heal 1,
heat vulnerability 1, inability to read after injury 1
a: Renounce Religion


You were on level 6 of the Dungeon.
You worshipped Ashenzari.
Ashenzari was noncommittal.
You visited 2 branches of the dungeon, and saw 7 of its levels.

You collected 356 gold pieces.
You spent 105 gold pieces at shops.

Inventory:

Hand Weapons
 a - a +0 short sword of chaos
 g - a +0 short sword
 w - a +2 flail of electrocution (weapon)
Missiles
 e - 5 poisoned darts (quivered)
 q - 4 javelins
 z - 6 atropa-tipped darts
 B - 2 throwing nets
 E - a curare-tipped dart
Armour
 h - a +0 pair of boots (worn)
 t - a +1 helmet
 v - a +2 pair of gloves (worn)
 C - a +3 leather armour of poison resistance (worn)
Jewellery
 r - a ring of fire
 s - a ring of flight (left hand)
Talismans
 m - the maw talisman "Ufrieng" {rElec Slay+2}
   (You found it on level 4 of the Dungeon)

   [maw talisman]

   Slay+2:    It affects your accuracy & damage with ranged weapons and melee
   (+2).
   rElec:     It insulates you from electricity.
Wands
 A - a wand of iceblast (17)
 D - a wand of charming (2)
Scrolls
 d - a scroll of enchant armour
 i - 2 scrolls of revelation
 p - a scroll of teleportation {unknown}
 u - a scroll of immolation
Potions
 b - 2 potions of haste {unknown}
 c - 3 potions of curing
 n - a potion of cancellation {unknown}
 x - a potion of mutation {unknown}
 F - a potion of attraction


   Skills:
 + Level 7.8 Fighting
 + Level 7.8 Short Blades
 + Level 4.2 Long Blades
 + Level 4.2 Axes
 + Level 4.2 Maces & Flails
 + Level 4.2 Polearms
 + Level 4.2 Staves
 + Level 4.2 Ranged Weapons
 + Level 4.2 Throwing
 + Level 6.3 Armour
 + Level 5.0 Dodging
 + Level 4.2 Stealth
 + Level 4.2 Shields
 + Level 4.2 Unarmed Combat
 + Level 4.2 Spellcasting
 + Level 3.4 Conjurations
 + Level 3.4 Hexes
 + Level 3.4 Summonings
 + Level 3.4 Necromancy
 + Level 3.4 Translocations
 + Level 3.4 Fire Magic
 + Level 3.4 Ice Magic
 + Level 3.4 Air Magic
 + Level 3.4 Earth Magic
 + Level 3.4 Alchemy
 + Level 4.6 Invocations
 + Level 4.2 Evocations
 + Level 3.8 Shapeshifting


You had 10 spell levels left.
You knew the following spells:

 Your Spells              Type           Power      Damage    Failure   Level
a - Cigotuvi's Dreadful   Necr/Alch/Air  20%        N/A       10%         2
b - Static Discharge      Conj/Air       20%        3-4/arc   10%         2
B - Lesser Beckoning      Tloc           20%        N/A       10%         2

Your spell library contained the following spells:

 Spells                   Type           Power      Damage    Failure   Level
 Searing Ray              Conj           20%        2d5       10%         2
 Dazzling Flash           Conj/Hex       20%        N/A       21%         3
 Gell's Gravitas          Tloc           10%        N/A       21%         3
 Teleport Other           Tloc           10%        N/A       21%         3
 Volatile Blastmotes      Fire/Tloc      20%        2d11      21%         3
 Airstrike                Air            5%         2d(1-17)  54%         4
 Ignite Poison            Fire/Alch      10%        N/A       54%         4
 Summon Lightning Spire   Summ/Air       10%        N/A       54%         4
 Freezing Cloud           Conj/Ice/Air   5%         6-21      88%         5
 Starburst                Conj/Fire      5%         6d4       100%        6
 Orb of Destruction       Conj           5%         9d5       100%        7
 Maxwell's Capacitive Co  Air            5%         ∞         100%        8


Dungeon Overview and Level Annotations

Branches:
Dungeon (6/15)             Temple (1/1) D:6

Altars:
Ashenzari
Dithmenos
Elyvilon
Fedhas
Gozag
Hepliaklqana
Kikubaaqudgha
Makhleb
Nemelex Xobeh
Okawaru
Ru
Sif Muna
Trog
Uskayaw
Vehumet
Wu Jian
Xom
Zin
The Shining One

Shops:
D:3 :   D:5 *

Annotations:
D:6 Menkaure


Innate Abilities, Weirdness & Mutations

You have very sharp teeth.
Your uncanny sense of smell can sniff out nearby items.
Your experience applies equally to all skills.
You have a pair of small antennae on your head.
Potions are less effective at restoring your health.
You are vulnerable to heat. (rF-)
You occasionally lose the ability to read scrolls when taking damage.


Message History

More barbed spikes become lodged in your body.
Your system partially rejects the healing.
You feel much better.
The red devil hits you with a +0 trident!
* * * LOW HITPOINT WARNING * * *
More barbed spikes become lodged in your body.
Unknown command.
Your system partially rejects the healing.
You feel much better.
The red devil hits you with a +0 trident.
* * * LOW HITPOINT WARNING * * *
More barbed spikes become lodged in your body.
As you read the scroll of summoning, it crumbles to dust.
Wisps of shadow whirl around you...
The red devil hits you but does no damage.
Unknown command.
You swap places.
The barbed spikes dig painfully into your body as you move.
* * * LOW HITPOINT WARNING * * *
Your hound bites the red devil but does no damage.
Your adder barely misses the red devil.
The red devil completely misses you.
Unknown command.
The barbed spikes dig painfully into your body as you move.
* * * LOW HITPOINT WARNING * * *
Your hound bites the red devil.
Flame seeps out of the red devil.
Your adder barely misses the red devil.
Your hound closely misses the red devil.
Your phantom closely misses the red devil.
The red devil hits your adder with a +0 trident!
Your adder dies!
Your adder's corpse dissolves into shadows!
The air fills with toxic fumes!
As you read the scroll labelled ZUSAUSIRGHA, it crumbles to dust.
It was a scroll of poison.
Your hound bites the red devil but does no damage.
Your phantom closely misses the red devil.
This is a scroll of acquirement!
Something appears at your feet!
The red devil hits you from afar with a +0 trident!
You die...

##.....## #..........##.#.#
.5......# #.............#.#
#......# #...........###.#
#......# #...........# #.#
#......# #...........# #.#
#.§....# ###########.# #.#
#.§§§..# #.# #..
#.§§§.°#############.#####
#..§§§hW4§@§§§§§§§.........
#.#####§#############.#####
# #.# #.# #.# #.# #.# #.#
#.# #.# .$# #.# ## #.#####
#......


You could see a red devil (summoned, inner flame, ally target), a friendly
phantom (summoned) and a friendly hound (summoned).

Vanquished Creatures
  2 trolls (D:6)
  5 ogres
  A centaur (D:5)
  A phantom (D:5)
  A kobold brigand (D:6)
  2 scorpions (D:4)
  2 howler monkeys
  A hound (D:5)
  2 jellies
  A bombardier beetle (D:5)
  3 orc priests
  2 sleepcaps (D:5)
  Ijyb (D:5)
  Natasha (thrice) (D:4)
  An orc wizard (D:6)
  11 gnolls
  7 adders
  A shadow imp (D:5)
  3 ribbon worms
  4 dart slugs
  10 orcs
  A bat (D:2)
  8 endoplasms
  3 giant cockroaches
  5 hobgoblins
  4 jackals
  8 quokkas
  7 ball pythons
  2 frilled lizards
  10 goblins
  9 kobolds
  5 rats
126 creatures vanquished.

Vanquished Creatures (collateral kills)
  An orc priest (D:6)
  2 orcs (D:6)
3 creatures vanquished.

Vanquished Creatures (others)
  A boulder beetle (D:6)
  A black bear (D:5)
2 creatures vanquished.

Grand Total: 131 creatures vanquished

Notes
Turn   | Place    | Note
-------+----------+-------------------------------------------
     0 | D:1      | Anonymous1 the Gnoll Chaos Knight began the quest for the
                  | Orb.
     0 | D:1      | Reached XP level 1. HP: 23/23 MP: 1/1
    90 | D:1      | Fell from the grace of Xom
   172 | D:1      | Reached XP level 2. HP: 29/29 MP: 2/2
   213 | D:1      | XOM: 5-stop teleportation journey
   573 | D:1      | Reached XP level 3. HP: 35/35 MP: 3/3
   892 | D:2      | Reached skill level 1 in Invocations
  1132 | D:2      | Reached skill level 1 in Long Blades
  1132 | D:2      | Reached skill level 1 in Axes
  1132 | D:2      | Reached skill level 1 in Maces & Flails
  1132 | D:2      | Reached skill level 1 in Polearms
  1132 | D:2      | Reached skill level 1 in Staves
  1132 | D:2      | Reached skill level 1 in Ranged Weapons
  1132 | D:2      | Reached skill level 1 in Throwing
  1132 | D:2      | Reached skill level 1 in Stealth
  1132 | D:2      | Reached skill level 1 in Shields
  1132 | D:2      | Reached skill level 1 in Unarmed Combat
  1132 | D:2      | Reached skill level 1 in Spellcasting
  1132 | D:2      | Reached skill level 1 in Evocations
  1304 | D:2      | Reached skill level 1 in Shapeshifting
  1304 | D:2      | Reached XP level 4. HP: 41/41 MP: 5/5
  1633 | D:3      | Reached skill level 1 in Conjurations
  1633 | D:3      | Reached skill level 1 in Hexes
  1633 | D:3      | Reached skill level 1 in Summonings
  1633 | D:3      | Reached skill level 1 in Necromancy
  1633 | D:3      | Reached skill level 1 in Translocations
  1633 | D:3      | Reached skill level 1 in Fire Magic
  1633 | D:3      | Reached skill level 1 in Ice Magic
  1633 | D:3      | Reached skill level 1 in Air Magic
  1633 | D:3      | Reached skill level 1 in Earth Magic
  1633 | D:3      | Reached skill level 1 in Alchemy
  1775 | D:3      | Noticed an ogre
  1794 | D:4      | Noticed a scorpion
  1815 | D:4      | Noticed Natasha
  1831 | D:4      | Killed a scorpion
  1832 | D:4      | Reached XP level 5. HP: 47/47 MP: 7/7
  1834 | D:4      | Killed Natasha
  1855 | D:4      | Reached skill level 5 in Armour
  1855 | D:4      | Reached XP level 6. HP: 30/53 MP: 8/8
  1871 | D:4      | XOM: chaos cloud
  2086 | D:4      | Identified the maw talisman "Ufrieng" {rElec Slay+2}
  2182 | D:4      | Noticed Natasha
  2191 | D:4      | Killed Natasha
  2401 | D:4      | Learned a level 2 spell: Cigotuvi's Dreadful Rot
  2404 | D:4      | Learned a level 2 spell: Lesser Beckoning
  2509 | D:4      | Noticed Natasha
  2625 | D:4      | Killed Natasha
  2744 | D:4      | Reached XP level 7. HP: 14/60 MP: 10/10
  2914 | D:4      | XOM: summons 1 hostile shadow creature
  3034 | D:3      | Found Utebos's Vocational Training.
  3457 | D:3      | Got the Octavo of Wounds
  3847 | D:5      | Entered Level 5 of the Dungeon
  3922 | D:5      | Reached XP level 8. HP: 67/67 MP: 12/12
  4046 | D:5      | XOM: divine lightning
  4162 | D:5      | Learned a level 2 spell: Static Discharge
  4190 | D:5      | Noticed Ijyb
  4203 | D:5      | Killed Ijyb
  4233 | D:5      | Found Loale's Gadget Gallery.
  4278 | D:5      | Bought a wand of charming (4) for 105 gold pieces
  4457 | D:6      | Found a staircase to the Ecumenical Temple.
  4492 | Temple   | Entered the Ecumenical Temple
  4517 | Temple   | Became a worshipper of Ashenzari the Shackled
  4616 | D:6      | Noticed Menkaure
  4723 | D:6      | Noticed a troll
  4733 | D:6      | Noticed a boulder beetle
  4744 | D:6      | Killed a troll
  4750 | D:6      | Noticed a troll
  4800 | D:6      | XOM: give mutations
  4800 | D:6      | Gained mutation: You have a pair of small antennae on your
                  | head. [Xom's mischief]
  4800 | D:6      | Gained mutation: You occasionally lose the ability to read
                  | scrolls when taking damage. [Xom's mischief]
  4800 | D:6      | Gained mutation: Potions are less effective at restoring
                  | your health. [Xom's mischief]
  4800 | D:6      | Gained mutation: You are vulnerable to heat. (rF-) [Xom's
                  | mischief]
  4801 | D:6      | Killed a troll
  4802 | D:6      | Reached XP level 9. HP: 40/74 MP: 13/15
  5208 | D:6      | Reached skill level 5 in Dodging
  5264 | D:6      | XOM: summons 2 hostile demons
  5265 | D:6      | Noticed a red devil
  5276 | D:6      | Identified a scroll of acquirement
  5276 | D:6      | Acquired a +0 cloak of willpower
  5276 | D:6      | Slain by a red devil

Illustrated notes

Levels and vault maps discovered:
D:1:      minmay_arrival_checkered_box, layout_basic
D:2:      layout_basic, nicolae_twisty_statue_hallways
D:3:      layout_basic, nicolae_shop_vocational
D:4:      layout_loops_ring, uniq_natasha
D:5:      layout_cave_pools, nicolae_shop_gadgets, uniq_ijyb
D:6:      minmay_chambers_of_sixes, layout_basic, temple_fountains,
          hangedman_decor_slide_cut, uniq_menkaure
Temple:   compressed_dpeg_triangle_lava_temple

Skill      XL: |  1  2  3  4  5  6  7  8  9 |
---------------+----------------------------+-----
Invocations    | 1 2 3 4 |  4.6
Long Blades    | 1 2 3 4 |  4.2
Axes           | 1 2 3 4 |  4.2
Maces & Flails | 1 2 3 4 |  4.2
Polearms       | 1 2 3 4 |  4.2
Staves         | 1 2 3 4 |  4.2
Ranged Weapons | 1 2 3 4 |  4.2
Throwing       | 1 2 3 4 |  4.2
Stealth        | 1 2 3 4 |  4.2
Shields        | 1 2 3 4 |  4.2
Unarmed Combat | 1 2 3 4 |  4.2
Spellcasting   | 1 2 3 4 |  4.2
Evocations     | 1 2 3 4 |  4.2
Shapeshifting  | 1 2 3 |  3.8
Conjurations   | 1 2 3 |  3.4
Hexes          | 1 2 3 |  3.4
Summonings     | 1 2 3 |  3.4
Necromancy     | 1 2 3 |  3.4
Translocations | 1 2 3 |  3.4
Fire Magic     | 1 2 3 |  3.4
Ice Magic      | 1 2 3 |  3.4
Air Magic      | 1 2 3 |  3.4
Earth Magic    | 1 2 3 |  3.4
Alchemy        | 1 2 3 |  3.4
Dodging        | 3 4 5 |  5.0
Armour         | 5 6 |  6.3
Fighting       | 7 |  7.8
Short Blades   | 7 |  7.8

Action                     |  1- 3 |  4- 6 |  7- 9 || total
---------------------------+-------+-------+-------++-------
  Melee: Short sword       |   177 |   185 |    31 ||   393
         Bite              |    20 |    28 |    31 ||    79
         Flail             |       |       |   187 ||   187
         Quarterstaff      |       |       |    36 ||    36
  Throw: Dart              |       |     4 |    17 ||    21
         Javelin           |       |       |     4 ||     4
   Cast: Static Discharge  |       |       |     2 ||     2
 Invoke: Renounce Religion |     1 |       |       ||     1
  Evoke: Wand              |       |     3 |     5 ||     8
    Use: Potion            |       |     5 |     3 ||     8
         Scroll            |       |     3 |    10 ||    13
   Stab: Sleeping          |     1 |       |     3 ||     4
         Distracted        |       |     1 |       ||     1
         Petrified         |       |     1 |       ||     1
 Armour: Leather armour    |    66 |    83 |   209 ||   358
  Dodge: Dodged            |    74 |    79 |   194 ||   347

Table legend: (Time is in decaauts)
 A = Elapsed time spent in this place.
 B = Non-inter-level travel time spent in this place.
 C = Inter-level travel time spent in this place.
 D = Time resting spent in this place.
 E = Time spent auto-exploring this place.
 F = Levels seen in this place.
 G = Mean time per level.
                   A        B        C        D        E       F      G
               +--------+--------+--------+--------+--------+-----+--------+
         Total |   5211 |   5153 |     58 |    766 |   2852 |   7 |  744.4 |
       Dungeon |   5178 |   5120 |     58 |    766 |   2852 |   6 |  863.0 |
        Temple |     32 |     32 |      0 |      0 |      0 |   1 |   32.0 |
               +--------+--------+--------+--------+--------+-----+--------+

Top non-repeatable levels by time:
     D:4: 1230 daAuts
     D:3: 1040 daAuts
     D:5: 798 daAuts
     D:1: 775 daAuts
     D:2: 697 daAuts
     D:6: 635 daAuts
  Temple: 32 daAuts
